 Dungeon Crawl Stone Soup version 0.30-a0-777-ga9a30cbeda (webtiles) character file.

Game seed: 13835349207319955278

6485 Aneyh the Warrior (level 11, -8/72 HPs)
             Began as a Tengu Monk on Feb 14, 2023.
             Was a Priest of Hepliaklqana.
             Killed by the air
             ... invoked by Gastronok
              (44 damage)
             ... on level 10 of the Dungeon.
             The game lasted 00:29:23 (11406 turns).

Aneyh the Warrior (Tengu Monk)                     Turns: 11406, Time: 00:29:24

Health: -8/72      AC:  4    Str: 16      XL:     11   Next: 0%
Magic:  12/12      EV: 20    Int: 11      God:    Hepliaklqana [***...]
Gold:   843        SH:  5    Dex: 15 (16) Spells: 8/10 levels left

rFire   . . .      SeeInvis .    a - +5 halberd (venom)
rCold   . . .      Faith    .    (shield currently unavailable)
rNeg    . . .      Spirit   .    V - +0 troll leather armour
rPois   .          Reflect  +    (helmet restricted)
rElec   .          Harm     .    (no cloak)
rCorr   .          Rampage  .    (no gloves)
Will    .....                    (boots unavailable)
Stlth   ++                       l - amulet of reflection
HPRegen 1.12/turn                e - +5 ring of evasion
MPRegen 0.13/turn                N - ring of wizardry

@: flying quickly and evasively, quick
A: reduced essence, beak, talons 3, nimble flight
a: Renounce Religion, Recall Ancestor, Ancestor Identity, Transference


You were on level 10 of the Dungeon.
You worshipped Hepliaklqana.
Hepliaklqana was most pleased with you.
You visited 2 branches of the dungeon, and saw 11 of its levels.
You also visited: Ossuary.

You collected 843 gold pieces.

Inventory:

Hand Weapons
 a - a +5 halberd of venom (weapon)
 b - a +0 shortbow
 d - a +0 long sword
 j - a +0 dagger of flaming
 E - a +0 trident
 G - a +3 mace
 H - a +0 spear
 I - a +4 war axe
 K - a +2 halberd of draining
 S - a +0 glaive
 T - the +6 dagger "Undertaker" {pain, Will+ rCorr Int+3}
   (You found it on level 8 of the Dungeon)

   Int:       It affects your intelligence (+3).
   rCorr:     It protects you from acid and corrosion.
   Will:      It increases your willpower.
 U - a +4 falchion
Missiles
 D - 20 poisoned darts
Armour
 L - +0 steam dragon scales
 O - a +1 leather armour of poison resistance
 Q - a +0 robe
 V - a +0 troll leather armour (worn)
Jewellery
 e - a +5 ring of evasion (left hand)
 l - an amulet of reflection (around neck)
 w - an amulet of faith
 F - a ring of magical power
 N - a ring of wizardry (right hand)
Wands
 v - a wand of charming (17)
 J - a wand of roots (13)
 M - a wand of acid (13)
 P - a wand of flame (33)
Scrolls
 i - 7 scrolls of identify
 n - 6 scrolls of vulnerability
 o - 2 scrolls of blinking
 p - a scroll of noise
 r - 2 scrolls of brand weapon
 y - a scroll of fog
 C - 2 scrolls of fear
 R - a scroll of magic mapping
Potions
 c - a potion of ambrosia
 f - 4 potions of curing
 g - 2 potions of lignification
 h - a potion of magic
 k - 2 potions of degeneration {unknown}
 m - a potion of heal wounds
 q - a potion of cancellation {unknown}
 s - 4 potions of berserk rage {unknown}
 t - 3 potions of attraction {unknown}
 u - 4 potions of mutation {unknown}
 x - 2 potions of might
 z - 2 potions of haste
 A - 2 potions of resistance {unknown}
 B - a potion of invisibility {unknown}


   Skills:
 + Level 15.0 Fighting
 - Level 3.2 Polearms
 - Level 6.0 Ranged Weapons
 + Level 3.7 Dodging
 - Level 2.0 Stealth
 - Level 3.0 Summonings


You had 8 spell levels left.
You knew the following spells:

 Your Spells              Type           Power      Damage    Failure   Level
a - Call Imp              Summ           6%         N/A       8%          2

Your spell library contained the following spells:

 Spells                   Type           Power      Damage    Failure   Level
 Freeze                   Ice            0%         1d3       17%         1
 Magic Dart               Conj           0%         1d3       17%         1
 Slow                     Hex            0%         N/A       17%         1
 Confusing Touch          Hex            0%         N/A       45%         3
 Frozen Ramparts          Ice            0%         1d1       45%         3
 Hailstorm                Conj/Ice       0%         3d3       45%         3
 Mephitic Cloud           Conj/Pois/Air  0%         N/A       45%         3
 Ozocubu's Armour         Ice            0%         N/A       45%         3
 Vampiric Draining        Necr           0%         2d6       45%         3
 Metabolic Englaciation   Hex/Ice        0%         N/A       99%         5
 Simulacrum               Ice/Necr       0%         N/A       100%        6
 Ozocubu's Refrigeration  Ice            0%         4d7       100%        7


Dungeon Overview and Level Annotations

Branches:
Dungeon (10/15)            Temple (1/1) D:7            Lair (0/5) D:9
Ossuary (visited)
    Orc: D:9-12

Altars:
Ashenzari
Cheibriados
Dithmenos
Elyvilon
Fedhas
Gozag
Hepliaklqana
Kikubaaqudgha
Makhleb
Nemelex Xobeh
Okawaru
Qazlal
Ru
Sif Muna
Trog
Uskayaw
Vehumet
Wu Jian
Xom
Yredelemnul
Zin
The Shining One

Shops:
D:3 [   D:6 (   D:7 (   D:9 (

Annotations:
D:2 1 runed translucent door, Crazy Yiuf
D:3 2 transporters
D:7 Joseph
D:10 Gastronok


Innate Abilities, Weirdness & Mutations

Your life essence is reduced to manifest your ancestor. (-10% HP)
You have a beak for a mouth.
You have claws for feet.
Your magical nature lets you fly swiftly and evasively.


Message History

A centaur comes into view.
You shoot an arrow. The centaur shouts!
The arrow hits the troll.
The troll is lightly wounded.
The centaur wields a +0 shortbow.
The centaur shoots an arrow.
You reflect the arrow off an invisible shield around you!
The arrow hits the centaur.
The centaur shoots an arrow.
The arrow hits you!
You shoot an arrow. The arrow hits the troll.
The troll is lightly wounded.
The centaur shoots an arrow.
The arrow completely misses you.
You shoot an arrow. The arrow barely misses the troll.
You shoot an arrow. The arrow hits the troll!
The troll is moderately wounded.
The centaur shoots an arrow.
The arrow misses you.
Zimri-Dagan misses the troll.
The centaur shoots an arrow.
The arrow barely misses you.
Gastronok the Ponderous comes into view.
He is wearing a +1 hat of intelligence.
Your +5 halberd of venom begins to drip with poison!
a - a +5 halberd of venom (weapon)
You slash the troll!
The troll is poisoned.
You peck the troll, but do no damage.
The troll is heavily wounded.
The centaur shoots an arrow.
The arrow misses you. The troll bites you! The troll claws you! x2
Zimri-Dagan points at the troll and mumbles some strange words.
The stone arrow hits the troll!
The centaur shoots an arrow.
You reflect the arrow off an invisible shield around you!
The arrow hits the troll.
Gastronok chants a spell, wobbling all the while.
Gastronok puts on a burst of speed!
You puncture the troll!
You kill the troll!
The centaur shoots an arrow.
The arrow hits Zimri-Dagan!
Zimri-Dagan points at the centaur and mumbles some strange words.
The puff of frost hits the centaur!
Gastronok waves his eye-stalks in wide circles.
The air twists around and strikes you!!!
Ouch! That really hurt!
You die...

#...).......#'#####..##+##.##
##########.......##.. ####
#.......#... #.......#..
#.......# #.......# #.......#
#.......# #..@....#
#............ #.....R......
#.....c...... #............
#............ #...........w
#............


You could see the friendly Zimri-Dagan the battlemage, Gastronok (swift) and a
centaur (distracted, ally target).

Vanquished Creatures
  Maggie (D:7)
  A kobold demonologist (D:9)
  2 trolls (D:10)
  A hornet (D:8)
  A wyvern (D:7)
  A steam dragon (D:6)
  A water moccasin (D:6)
  2 black bears
  4 orc warriors
  2 sky beasts (D:7)
  An ice beast (D:7)
  A centaur (D:7)
  3 ogres
  A phantom (D:5)
  A kobold brigand (D:8)
  2 necrophages
  4 scorpions
  8 wights
  A howler monkey (D:8)
  6 orc priests
  3 hounds
  A gnoll bouda (D:4)
  4 orc wizards
  2 iguanas (D:6)
  8 mummies (Ossuary)
  20 gnolls
  6 adders
  A white imp (D:6)
  An ufetubus (D:4)
  An adder zombie (D:2)
  An adder skeleton (D:2)
  A worm (D:4)
  5 dart slugs
  30 orcs
  10 ball pythons
  4 endoplasms
  4 giant cockroaches
  8 goblins
  2 hobgoblins (D:1)
  4 jackals (D:4)
  8 kobolds
  7 quokkas
  2 ball python skeletons (D:2)
  2 ball python zombies (D:2)
  6 bats
  5 frilled lizards
  4 gnoll zombies (Ossuary)
  A goblin zombie (D:5)
  A hobgoblin zombie (Ossuary)
  2 jackal skeletons (D:2)
  3 kobold zombies (Ossuary)
  A quokka zombie (D:5)
  11 rats
213 creatures vanquished.

Vanquished Creatures (collateral kills)
  3 kobold demonologists (D:9)
  A troll (D:10)
  Menkaure (D:7)
  A water moccasin (D:7)
  A centaur (D:9)
  6 wights
  A howler monkey (D:8)
  2 orc priests
  2 gnoll boudas
  9 orc wizards
  6 gnolls
  A white imp (D:7)
  13 orcs
  A goblin (D:7)
  3 kobolds (D:9)
51 creatures vanquished.

Vanquished Creatures (others)
  2 battlemagi
  2 withered plants (D:2)
4 creatures vanquished.

Grand Total: 268 creatures vanquished

Notes
Turn   | Place    | Note
-------+----------+-------------------------------------------
     0 | D:1      | Aneyh the Tengu Monk began the quest for the Orb.
     0 | D:1      | Reached XP level 1. HP: 14/14 MP: 2/2
   191 | D:1      | Reached XP level 2. HP: 19/19 MP: 3/3
   330 | D:1      | Reached skill level 4 in Fighting
   438 | D:1      | Reached XP level 3. HP: 21/24 MP: 4/4
  1409 | D:2      | Reached XP level 4. HP: 26/30 MP: 5/5
  1632 | D:2      | Reached skill level 5 in Fighting
  1750 | D:2      | Found a runed translucent door.
  1751 | D:2      | Noticed Crazy Yiuf
  1874 | D:3      | Found a blossoming altar of Fedhas.
  1930 | D:3      | Found a transporter.
  2051 | D:3      | Found a transporter.
  2093 | D:3      | Gained mutation: Your magical nature lets you fly swiftly
                  | and evasively. [Tengu growth]
  2093 | D:3      | Reached XP level 5. HP: 29/35 MP: 6/6
  2296 | D:3      | Reached skill level 6 in Fighting
  2428 | D:3      | Found Lehuel's Armour Shop.
  2826 | D:3      | Reached XP level 6. HP: 37/42 MP: 7/7
  3105 | D:4      | Reached skill level 7 in Fighting
  3188 | D:4      | Found an opulent altar of Gozag.
  3749 | D:5      | Entered Level 5 of the Dungeon
  3837 | D:5      | Noticed an orc warrior
  3895 | D:5      | Reached XP level 7. HP: 41/48 MP: 8/8
  3940 | D:5      | Reached skill level 8 in Fighting
  3967 | D:5      | Found a sand-covered staircase.
  3985 | Ossuary  | Entered an ossuary
  4511 | D:5      | Reached skill level 9 in Fighting
  4772 | D:5      | Reached XP level 8. HP: 56/56 MP: 9/9
  5346 | D:4      | Reached skill level 10 in Fighting
  5440 | D:5      | Found an ornate altar of the Wu Jian Council.
  5599 | D:5      | Found a shimmering altar of Xom.
  6122 | D:5      | Reached skill level 11 in Fighting
  6743 | D:6      | Found Ymeniwu's Weapon Boutique.
  6840 | D:6      | Reached XP level 9. HP: 47/64 MP: 10/10
  7181 | D:5      | Reached skill level 12 in Fighting
  7779 | D:7      | Found a staircase to the Ecumenical Temple.
  7788 | Temple   | Entered the Ecumenical Temple
  7837 | Temple   | Became a worshipper of Hepliaklqana the Forgotten
  7837 | Temple   | Reached * piety under Hepliaklqana
  7837 | Temple   | Reached ** piety under Hepliaklqana
  7838 | Temple   | Remembered your ancestor Zimri-Dagan as a battlemage
  7962 | D:7      | Noticed Maggie
  7971 | D:7      | Killed Maggie
  7972 | D:7      | Reached skill level 13 in Fighting
  8106 | D:7      | Found a white marble altar of Elyvilon.
  8234 | D:7      | Found a radiant altar of Vehumet.
  8287 | D:7      | Reached XP level 10. HP: 62/66 MP: 11/11
  8315 | D:7      | Noticed Menkaure
  8336 | D:7      | Found Mypep's Antique Weapon Emporium.
  8448 | D:7      | Found an ancient bone altar of Kikubaaqudgha.
  8448 | D:7      | Found a stormy altar of Qazlal.
  8528 | D:7      | Reached skill level 14 in Fighting
  8602 | D:7      | Noticed Joseph
  8607 | D:7      | Killed Menkaure
  8809 | D:8      | Identified the +6 dagger "Undertaker" {pain, Will+ rCorr
                  | Int+3}
  9023 | D:8      | Learned a level 2 spell: Call Imp
  9571 | D:8      | Reached skill level 1 in Ranged Weapons
  9639 | D:9      | Reached *** piety under Hepliaklqana
  9664 | D:9      | Noticed a kobold demonologist
  9664 | D:9      | Noticed a kobold demonologist
  9666 | D:9      | Noticed a kobold demonologist
  9708 | D:9      | Found a shimmering blue altar of Sif Muna.
  9710 | D:9      | Found a shimmering altar of Xom.
  9720 | D:9      | Noticed a kobold demonologist
  9722 | D:9      | Noticed a sun demon
  9727 | D:9      | Noticed a soul eater
  9729 | D:9      | Killed a kobold demonologist
  9730 | D:9      | Reached skill level 1 in Summonings
  9809 | D:9      | Noticed a fire crab
  9933 | D:8      | HP: 3/68 [fire crab] (19)]
 10310 | D:10     | Entered Level 10 of the Dungeon
 10494 | D:9      | Found a staircase to the Lair.
 10644 | D:9      | Killed a kobold demonologist
 10799 | D:9      | Killed a kobold demonologist
 10800 | D:9      | Reached skill level 5 in Ranged Weapons
 10809 | D:9      | Noticed an orange demon
 10810 | D:9      | Killed a kobold demonologist
 10890 | D:9      | Found Soan's Weapon Shoppe.
 11157 | D:10     | Reached skill level 15 in Fighting
 11331 | D:10     | Reached XP level 11. HP: 62/72 MP: 12/12
 11403 | D:10     | Noticed Gastronok
 11406 | D:10     | Killed from afar by Gastronok

Illustrated notes

Levels and vault maps discovered:
D:1:      ncdulo_lavacross, layout_loops_corners, minmay_tromino_v7
D:2:      layout_loops_ring, serial_undead, serial_undead_f, serial_undead_e,
          serial_undead_e, serial_undead_c, serial_undead_d, serial_undead_d,
          serial_undead_b, serial_park_tiny_pond,
          amcnicky_mini_rare_corridor_liquid, corexii_corridor_pit,
          uniq_crazy_yiuf_cottage
D:3:      gammafunk_wand_slinger, layout_basic,
          mainiacjoe_overflow_surrounded_room, serial_shops,
          nicolae_shop_waterfront
D:4:      layout_cave_pods, mainiacjoe_overflow_alcove_4
D:5:      layout_loops_ring, enter_ossuary_4, hangedman_feature_mirror
D:6:      layout_loops_ring, serial_shops, nicolae_shop_behind_doors,
          serial_glass, glass_columns_b, glass_columns_c,
          minmay_misc_feat_plants
D:7:      layout_loops_corners, amcnicky_altar_gilded,
          gammafunk_temple_overflow_pools, vehumet_altar_wand_db,
          minmay_temple_entry_slanted, serial_shops, shop, uniq_menkaure,
          uniq_maggie, uniq_joseph
D:8:      layout_cave_pods
D:9:      layout_rooms, chequers_temple_overflow_statue_of_worship,
          minmay_lair_entry_lava, serial_corexii_hall, corexii_hall_statues_l,
          corexii_hall_statues_t, serial_shops, nicolae_shop_behind_doors,
          nicolae_zen_rock_garden
D:10:     layout_gridville, uniq_gastronok
Temple:   zaba_magenta_temple

Skill      XL: |  1  2  3  4  5  6  7  8  9 10 |
---------------+-------------------------------+-----
Fighting       | 4 5 6 7 9 11 13 15 | 15.0
Ranged Weapons | 6 |  6.0
Summonings     | 3 |  3.0
Polearms       | |  3.2
Dodging        | |  3.7
Stealth        | |  2.0

Action                     |  1- 3 |  4- 6 |  7- 9 | 10-12 || total
---------------------------+-------+-------+-------+-------++-------
  Melee: Spear             |   156 |   216 |    92 |       ||   464
         Kick              |    22 |    49 |   108 |    15 ||   194
         Peck              |    12 |    32 |    57 |     9 ||   110
         Punch             |     2 |     1 |     4 |       ||     7
         Dagger            |       |       |    84 |       ||    84
         Trident           |       |       |    36 |       ||    36
         Halberd           |       |       |    87 |    54 ||   141
   Fire: Shortbow          |       |       |       |    56 ||    56
  Throw: Dart              |     3 |     3 |    40 |     8 ||    54
         Throwing net      |       |       |     1 |       ||     1
   Cast: Call Imp          |       |       |       |     9 ||     9
 Invoke: Ancestor Life: Ba |       |       |     1 |       ||     1
         Recall Ancestor   |       |       |       |     3 ||     3
    Use: Scroll            |       |     8 |     3 |     6 ||    17
         Potion            |       |     6 |       |     1 ||     7
   Stab: Sleeping          |     9 |     6 |     3 |       ||    18
         Distracted        |     2 |       |     2 |       ||     4
 Armour: Robe              |     7 |    13 |    11 |       ||    31
         Skin              |       |    36 |       |       ||    36
         Steam dragon scal |       |       |     3 |    14 ||    17
  Dodge: Dodged            |    89 |   128 |   180 |    90 ||   487
  Block: Other             |    13 |    35 |    48 |    24 ||   120
         Reflection        |       |       |       |     6 ||     6

Table legend: (Time is in decaauts)
 A = Elapsed time spent in this place.
 B = Non-inter-level travel time spent in this place.
 C = Inter-level travel time spent in this place.
 D = Time resting spent in this place.
 E = Time spent auto-exploring this place.
 F = Levels seen in this place.
 G = Mean time per level.
                   A        B        C        D        E       F      G
               +--------+--------+--------+--------+--------+-----+--------+
         Total |  10905 |  10032 |    873 |   2492 |   4863 |  12 |  908.8 |
       Dungeon |  10385 |   9522 |    863 |   2301 |   4720 |  10 | 1038.5 |
        Temple |     59 |     49 |     10 |      0 |     36 |   1 |   59.0 |
       Ossuary |    460 |    460 |      0 |    191 |    107 |   1 |  460.0 |
               +--------+--------+--------+--------+--------+-----+--------+

Top non-repeatable levels by time:
     D:5: 1676 daAuts
     D:8: 1328 daAuts
     D:4: 1323 daAuts
     D:3: 1114 daAuts
     D:1: 1081 daAuts
     D:6: 1070 daAuts
     D:7: 921 daAuts
     D:2: 692 daAuts
     D:9: 629 daAuts
    D:10: 547 daAuts
 Ossuary: 460 daAuts
  Temple: 59 daAuts
